 Dungeon Crawl Stone Soup version 0.20.1-1-g8b1a95d (webtiles) character file.

580 MrModeste the Skirmisher (level 7, -1/66 HPs)
             Began as a Minotaur Fighter on July 14, 2017.
             Killed by nerve-wracking pain
             ... invoked by Menkaure
              (8 damage)
             ... on level 4 of the Dungeon on July 15, 2017.
             The game lasted 00:08:47 (3944 turns).

MrModeste the Skirmisher (Minotaur Fighter)         Turns: 3944, Time: 00:08:48

Health: -1/66      AC:  5    Str: 25    XL:     7   Next: 13%
Magic:  0/6        EV:  8    Int:  5    God:
Gold:   149        SH: 10    Dex: 12    Spells: 6/6 levels left

rFire    . . .     SeeInvis .   a - +0 flail
rCold    . . .     Gourm    .   c - +0 shield
rNeg     . . .     Faith    .   w - -1 ring mail (curse)
rPois    .         Spirit   +   (helmet restricted)
rElec    .         Reflect  .   g - scarf {Spirit}
rCorr    .         Harm     .   t - +0 pair of gloves (curse)
MR       .....                  (no boots)
Stlth    +.........             (no amulet)
Regen    0.3/turn               (no ring)
MPRegen  0.1/turn               (no ring)

@: mighty
A: retaliatory headbutt, horns 2
a: no special abilities


You were on level 4 of the Dungeon.
You were not hungry.

You visited 1 branch of the dungeon, and saw 4 of its levels.

You collected 149 gold pieces.

Inventory:

Hand Weapons
 a - a +0 flail (weapon)
Armour
 c - a +0 shield (worn)
 g - a scarf of spirit shield (worn)
 t - a cursed +0 pair of gloves (worn)
 u - a +0 chain mail
 w - a cursed -1 ring mail (worn)
Wands
 y - a wand of iceblast (5/15)
Scrolls
 h - a scroll of enchant armour {unknown}
 i - 2 scrolls of remove curse {unknown}
 l - a scroll of teleportation {unknown}
 m - 11 scrolls of identify {unknown}
 q - 2 scrolls of enchant weapon {unknown}
 r - a scroll of amnesia {unknown}
 v - a scroll of noise {unknown}
Potions
 b - a potion of mutation {unknown}
 d - 2 potions of might
 e - a potion of heal wounds {unknown}
 k - 2 potions of cancellation {unknown}
 o - 2 potions of invisibility {unknown}
 p - a potion of brilliance {unknown}
 s - 2 potions of curing {unknown}
Comestibles
 f - 4 bread rations
 j - 2 meat rations
 n - 10 fruits
 x - a chunk of flesh


   Skills:
 + Level 7.5 Fighting
 + Level 6.8 Maces & Flails
 - Level 3.6 Armour
 - Level 3.6 Shields


You had 6 spell levels left.
You didn't know any spells.

Dungeon Overview and Level Annotations

Branches:
Dungeon (4/15)
 Temple: D:4-7

Altars:

Annotations:
D:4 Menkaure


Innate Abilities, Weirdness & Mutations

You reflexively headbutt those who attack you in melee.
You have a pair of horns on your head.


Message History

A worker ant comes into view.
You hit Menkaure but do no damage. You block Menkaure's attack.
The ogre hits you with a giant spiked club!
You sock Menkaure!
Menkaure is severely damaged.
Menkaure barely misses you. Menkaure closely misses you.
You furiously retaliate!
You headbutt Menkaure, but do no damage.
The ogre hits you with a giant spiked club!
* * * LOW HITPOINT WARNING * * *
You feel very mighty all of a sudden.
Menkaure calls on the powers of darkness!
Your body is wracked with pain!
* * * LOW HITPOINT WARNING * * *
The ogre convulses!
The worker ant convulses!
You hit Menkaure. Your headbutt misses Menkaure.
Menkaure is severely damaged.
Menkaure points at you and mumbles some strange words.
Pain shoots through your body!
You die...

.#. ##...## ..#
##.....## ##.#
##....)..##
#.#...####...>.....###
#........'.........'.
.#...#.##.........##
... #.###.......## #
#M# ##M....## #@#
##...## #O# ##'#######
.a. #........
##.........#####.
##.#####..# .# ...# .#
...# ## #...# ##...


You could see an ogre, Menkaure and a worker ant.

Vanquished Creatures
  An ice beast (D:3)
  A scorpion (D:4)
  2 hounds (D:4)
  2 orc wizards (D:4)
  Natasha (twice) (D:2)
  A worker ant (D:4)
  Terence (D:2)
  3 gnolls (D:3)
  8 adders
  An ooze (D:3)
  3 worms
  11 dart slugs (D:3)
  3 leopard geckos (D:1)
  6 orcs
  6 giant cockroaches
  6 goblins
  5 hobgoblins
  6 jackals
  9 kobolds
  2 quokkas
  6 bats
  5 frilled lizards
  12 rats
102 creatures vanquished.

Notes
Turn   | Place    | Note
-------+----------+-------------------------------------------
     0 | D:1      | MrModeste the Minotaur Fighter began the quest for the Orb.
     0 | D:1      | Reached XP level 1. HP: 19/19 MP: 0/0
   223 | D:1      | Reached skill level 4 in Fighting
   230 | D:1      | Reached XP level 2. HP: 27/27 MP: 1/1
  1029 | D:2      | Reached XP level 3. HP: 34/34 MP: 2/2
  1080 | D:2      | Noticed Terence
  1087 | D:2      | Killed Terence
  1087 | D:2      | Reached skill level 5 in Fighting
  1171 | D:2      | Reached XP level 4. HP: 42/42 MP: 3/3
  1456 | D:2      | Noticed Natasha
  1465 | D:2      | Killed Natasha
  1613 | D:2      | Reached XP level 5. HP: 46/50 MP: 4/4
  1746 | D:2      | Noticed Natasha
  1751 | D:2      | Killed Natasha
  1866 | D:3      | Reached skill level 5 in Maces & Flails
  2087 | D:3      | Reached skill level 6 in Fighting
  2631 | D:3      | Noticed an ice beast
  2640 | D:3      | Killed an ice beast
  2640 | D:3      | Reached XP level 6. HP: 24/58 MP: 1/5
  3375 | D:4      | Reached skill level 7 in Fighting
  3730 | D:4      | Reached XP level 7. HP: 62/66 MP: 6/6
  3924 | D:4      | Noticed Menkaure
  3944 | D:4      | Killed from afar by Menkaure

Skill      XL: |  1  2  3  4  5  6 |
---------------+-------------------+-----
Fighting       | 4 5 6 7 |  7.5
Maces & Flails | 3 4 5 6 |  6.8
Armour         | |  3.6
Shields        | |  3.6

Action                   |  1- 3 |  4- 6 |  7- 9 || total
-------------------------+-------+-------+-------++-------
Melee: Flail             |    70 |   211 |     7 ||   288
       Headbutt          |    10 |    24 |     1 ||    35
  Use: Potion            |       |       |     1 ||     1
  Eat: Chunk             |     1 |     8 |     1 ||    10
Armor: Scale mail        |    27 |    37 |       ||    64
       Chain mail        |       |    26 |       ||    26
       Ring mail         |       |    27 |       ||    27
Dodge: Dodged            |    20 |    64 |     3 ||    87
Block: Shield            |    33 |   103 |     2 ||   138
